 Dungeon Crawl Stone Soup version 0.31-a0-232-gb1c03b2570 (webtiles) character file.

Game seed: 11612560436107955533

351 qw the Shooter (level 6, -3/38 HPs)
             Began as a Gargoyle Hexslinger on July 7, 2023.
             Slain by a gnoll
             ... wielding a +0 whip
             ... led by a gnoll bouda
              (5 damage)
             ... on level 5 of the Dungeon.
             The game lasted 00:01:19 (3323 turns).

qw the Shooter (Gargoyle Hexslinger)                Turns: 3323, Time: 00:01:19

Health: -3/38      AC: 10    Str: 12    XL:     6   Next: 61%
Magic:  7/7        EV: 11    Int: 13    God:
Gold:   114        SH:  0    Dex: 14    Spells: 6/7 levels left

rFire   . . .        i - +0 shortbow
rCold   + . .        (shield currently unavailable)
rNeg    + . .        f - +2 leather armour {rC+}
rPois   inf          (no helmet)
rElec   +            c - +0 cloak
rCorr   .            (no gloves)
SInv    .            (no boots)
Will    .....        (no amulet)
Stlth   +            (no ring)
HPRegen 0.26/turn    (no ring)
MPRegen 0.10/turn

%: no passive effects
@: about to teleport, weakened
A: sickness immunity, AC +4, negative energy resistance 1, electricity
resistance, torment resistance 1, petrification resistance
a: no special abilities


You were on level 5 of the Dungeon.
You visited 1 branch of the dungeon, and saw 5 of its levels.

You collected 218 gold pieces.
You spent 104 gold pieces at shops.


Innate Abilities, Weirdness & Mutations

You are immune to sickness and miasma.
Your stone body is resilient. (AC +4)
You are immune to poison.
You resist negative energy. (rN+)
You are resistant to electric shocks. (rElec)
You are resistant to unholy torment.
You are immune to petrification.


   Skills:
 - Level 3.7 Fighting
 + Level 5.9 Ranged Weapons
 - Level 1.5 Dodging
 - Level 1.0 Spellcasting
 - Level 2.6 Hexes


You had 6 spell levels left.
You knew the following spells:

 Your Spells              Type           Power      Damage    Failure   Level
a - Slow                  Hex            28%        N/A       12%         1

Your spell library contained the following spells:

 Spells                   Type           Power      Damage    Failure   Level
 Inner Flame              Hex/Fire       4%         N/A       52%         3
 Portal Projectile        Hex/Tloc       8%         N/A       52%         3
 Cause Fear               Hex            3%         N/A       75%         4

Inventory:

Hand Weapons
 i - a +0 shortbow (weapon)
Armour
 c - a +0 cloak (worn)
 f - a +2 leather armour of cold resistance (worn)
Scrolls
 a - a scroll of identify
 e - 2 scrolls of teleportation
Potions
 b - a potion of lignification {unknown}
 d - 6 potions of curing
 g - a potion of invisibility {unknown}
 h - a potion of might
 j - a potion of degeneration {unknown}
 k - a potion of cancellation {unknown}
 l - a potion of heal wounds
 m - a potion of enlightenment {unknown}

Dungeon Overview and Level Annotations

Branches:
Dungeon (5/15)
 Temple: D:4-7

Altars:
Elyvilon
Fedhas
Makhleb
Qazlal
Ru
Zin

Shops:
D:4 *[


Message History

The gnolls pick up the pace!
The gnoll hits you but does no damage.
A gnoll comes into view. It is wielding a +0 whip.
You shoot an arrow. The gnoll shouts!
The arrow hits the gnoll!
You kill the gnoll!
The gnoll bouda gazes fiercely through you!
You feel your attacks grow feeble.
You shoot an arrow. The arrow hits the gnoll.
The gnoll is moderately wounded.
A gnoll comes into view. It is wielding a +0 halberd.
You shoot an arrow. The gnoll shouts!
The arrow hits the gnoll.
The gnoll is heavily wounded.
The gnoll hits you from afar with a +0 halberd.
You shoot an arrow.
The arrow hits the gnoll but does no damage.
The gnoll is heavily wounded.
Your attacks no longer feel as feeble.
The gnoll hits you from afar with a +0 halberd!
The gnoll barely misses you.
You shoot an arrow. The arrow barely misses the gnoll.
The gnoll barely misses you. The gnoll hits you with a +0 whip!
The gnoll bouda gazes fiercely through you!
You feel your attacks grow feeble.
You shoot an arrow. The arrow closely misses the gnoll.
The gnoll hits you from afar with a +0 halberd. x2
The gnoll barely misses you. The gnoll closely misses you.
You shoot an arrow. The arrow hits the gnoll.
The gnoll is severely wounded.
The gnoll barely misses you. The gnoll hits you but does no damage.
The gnoll hits you from afar with a +0 halberd!
The gnoll misses you.
3323 ||| READING 3 scrolls of teleportation.
As you read the scroll of teleportation, it crumbles to dust.
You feel strangely unstable. The gnoll hits you with a +0 whip.
You die...

.#.. ####....
..........####.....# .
.....##.........#.##
.. .........####..##..
#..
#.....##....#...... ..
#...##....<........
##.#.gg#...........##.
#...gg............## #
#@g...#.....#.#
#.....##....###
####.........##
##..#..........#
..............###
..#>..........#
#..#.......##
...##......## ..##
##......#


You could see a gnoll bouda and 4 gnolls.

Vanquished Creatures
  An ogre (D:4)
  A howler monkey (D:5)
  A jelly (D:4)
  A hound (D:4)
  A sleepcap (D:4)
  A gnoll (D:5)
  6 adders
  A worm (D:2)
  2 dart slugs
  2 orcs
  8 ball pythons
  6 endoplasms
  3 giant cockroaches
  6 goblins
  9 hobgoblins
  A jackal (D:2)
  4 quokkas
  2 bats
  A frilled lizard (D:1)
  5 kobolds
  5 rats
67 creatures vanquished.

Vanquished Creatures (others)
  An orc (D:3)
1 creature vanquished.

Grand Total: 68 creatures vanquished

Notes
Turn   | Place    | Note
-------+----------+-------------------------------------------
     0 | D:1      | qw the Gargoyle Hexslinger began the quest for the Orb.
     0 | D:1      | Reached XP level 1. HP: 12/12 MP: 2/2
     0 | D:1      | 0 ||| qw: Version: 0.3-a-46-gb1f654a
     0 | D:1      | 0 ||| qw: Game counter: 2440
     0 | D:1      | 0 ||| qw: Melee chars always use a shield: true
     0 | D:1      | 0 ||| qw: God list: Okawaru
     0 | D:1      | 0 ||| qw: Allow faded altars: false
     0 | D:1      | 0 ||| qw: Do Orc after clearing Dungeon:15 true
     0 | D:1      | 0 ||| qw: Do second Lair branch before Depths: true
     0 | D:1      | 0 ||| qw: Lair rune preference: random
     0 | D:1      | 0 ||| qw: Goals: Normal
     0 | D:1      | 0 ||| PLANNING D:1-11
    82 | D:1      | Found a faded altar of an unknown god.
   144 | D:1      | HP: 1/12 [frozen (5)]
   276 | D:1      | Reached XP level 2. HP: 16/16 MP: 3/3
   657 | D:1      | 657 ||| UPGRADING to +2 leather armour of cold resistance.
   667 | D:1      | 667 ||| DROPPING +0 robe.
   668 | D:1      | 668 ||| READING 2 scrolls labelled TOCUF HAOTO.
   669 | D:1      | 669 ||| READING 2 scrolls labelled GOUDYO LUGG.
   674 | D:1      | 674 ||| READING scroll labelled TYN ECKUZ.
   675 | D:1      | 675 ||| DROPPING scroll of poison.
   707 | D:2      | Reached skill level 3 in Ranged Weapons
   941 | D:2      | Reached XP level 3. HP: 21/21 MP: 4/4
  1467 | D:2      | 1467 ||| DROPPING ring of wizardry.
  1468 | D:2      | 1468 ||| READING scroll labelled BUAZIK HUHUIT.
  1569 | D:2      | 1569 ||| READING scroll labelled REM XAWEJI.
  1570 | D:2      | 1570 ||| DRINKING 2 fizzy black potions.
  1571 | D:2      | 1571 ||| DRINKING 2 bubbling puce potions.
  1643 | D:3      | Found a white marble altar of Elyvilon.
  1775 | D:3      | Reached XP level 4. HP: 26/26 MP: 5/5
  1787 | D:3      | Reached skill level 4 in Ranged Weapons
  1848 | D:3      | 1848 ||| FLEEEEING.
  1849 | D:3      | 1849 ||| FLEEEEING.
  1850 | D:3      | 1850 ||| FLEEEEING.
  1851 | D:3      | 1851 ||| FLEEEEING.
  1852 | D:3      | 1852 ||| FLEEEEING.
  1853 | D:3      | 1853 ||| FLEEEEING.
  1854 | D:3      | 1854 ||| FLEEEEING.
  1855 | D:3      | 1855 ||| FLEEEEING.
  1856 | D:3      | 1856 ||| FLEEEEING.
  1857 | D:3      | 1857 ||| FLEEEEING.
  1858 | D:3      | 1858 ||| FLEEEEING.
  2017 | D:3      | Found a stormy altar of Qazlal.
  2482 | D:3      | 2482 ||| READING scroll labelled LAORHAORUD.
  2483 | D:3      | 2483 ||| READING scroll labelled VISAMO HATHRA.
  2484 | D:3      | 2484 ||| DRINKING 2 viscous golden potions.
  2485 | D:3      | 2485 ||| READING 2 scrolls of identify.
  2485 | D:3      | 2485 ||| IDENTIFYING glowing amethyst potion
  2486 | D:3      | 2486 ||| DROPPING potion of attraction.
  2487 | D:3      | 2487 ||| DROPPING potion of ambrosia.
  2592 | D:4      | Reached XP level 5. HP: 30/30 MP: 6/6
  2606 | D:4      | Reached skill level 5 in Ranged Weapons
  2610 | D:4      | 2610 ||| FLEEEEING.
  2681 | D:4      | Found Xomysy's Armour Emporium.
  2687 | D:4      | 2687 ||| SHOPLISTING +1 leather armour "Xusog" {rF++ Dex-5}
                  | (231 gold, have 175).
  2687 | D:4      | Noticed an ogre
  2701 | D:4      | Killed an ogre
  2702 | D:4      | Reached skill level 3 in Fighting
  2702 | D:4      | Reached XP level 6. HP: 38/38 MP: 7/7
  2730 | D:4      | Found Ziwuf's General Store.
  2737 | D:4      | 2737 ||| BUYING +0 shortbow (39 gold).
  2737 | D:4      | Bought a +0 shortbow for 39 gold pieces
  2737 | D:4      | 2737 ||| BUYING potion of heal wounds (65 gold).
  2737 | D:4      | Bought a potion of heal wounds for 65 gold pieces
  2737 | D:4      | 2737 ||| SWAPPING to +0 shortbow.
  2738 | D:4      | 2738 ||| DROPPING +1 sling.
  3195 | D:4      | 3195 ||| UPGRADING to +0 cloak.
  3220 | D:5      | Entered Level 5 of the Dungeon
  3223 | D:5      | Found a glowing silver altar of Zin.
  3278 | D:5      | Found a sacrificial altar of Ru.
  3278 | D:5      | Found a blossoming altar of Fedhas.
  3278 | D:5      | Found a burning altar of Makhleb.
  3322 | D:5      | HP: 2/38 [gnoll/+0 halberd[a gnoll bouda] (10)]
  3323 | D:5      | 3323 ||| READING 3 scrolls of teleportation.
  3323 | D:5      | Slain by a gnoll

Levels and vault maps discovered:
D:1:      nzn_arrival_settlement, layout_basic, chequers_ecumenical_altar_simple
D:2:      layout_basic, chequers_arboretum, minmay_pentomino_z4
D:3:      layout_loops_corners, elyvilon_altar_1, mainiacjoe_overflow_alcove_2,
          nrook_campfire, kennysheep_boxes
D:4:      layout_loops_cross, serial_shops,
          nicolae_shop_competitors_out_of_business, shop, st_stairs_11
D:5:      layout_cave_pools, gammafunk_temple_overflow_claw,
          mainiacjoe_overflow_tiny_flanked, serial_shops, shop

Skill      XL: |  1  2  3  4  5 |
---------------+----------------+-----
Ranged Weapons | 3 4 5 |  5.9
Fighting       | 2 3 |  3.7
Dodging        | |  1.5
Spellcasting   | |  1.0
Hexes          | |  2.6

Action                     |  1- 3 |  4- 6 || total
---------------------------+-------+-------++-------
   Fire: Sling             |   119 |    94 ||   213
         Shortbow          |       |    81 ||    81
    Use: Scroll            |     5 |     4 ||     9
         Potion            |     2 |     1 ||     3
 Armour: Leather armour    |    13 |    53 ||    66
         Robe              |     1 |       ||     1
  Dodge: Dodged            |    24 |    68 ||    92

Table legend:
 A = Non-vault XP
 B = Vault XP
 C = Vault XP percentage of total XP
 D = Non-vault monster count
 E = Vault monster count
 F = Vault count percentage of total count
                 A         B        C        D         E       F
            +---------+---------+-------+---------+---------+-------
      Total |     443 |      59 |  11.8 |      60 |       7 |  10.4
            +---------+---------+-------+---------+---------+-------
        D:1 |      15 |       0 |   0.0 |       8 |       0 |   0.0
        D:2 |      47 |      10 |  17.5 |      21 |       4 |  16.0
        D:3 |      62 |       0 |   0.0 |      14 |       0 |   0.0
        D:4 |     249 |      49 |  16.4 |      15 |       3 |  16.7
        D:5 |      70 |       0 |   0.0 |       2 |       0 |   0.0
            +---------+---------+-------+---------+---------+-------
